 Dungeon Crawl Stone Soup version 0.17.0-28-g6e173f8 (webtiles) character file.

272 dohliylev the Covert (level 6, -9/47 HPs)
             Began as a Vampire Assassin on Nov 29, 2015.
             Splashed by an oklob sapling's acid (12 damage)
             ... on level 4 of the Dungeon.
             The game lasted 00:15:42 (2682 turns).

dohliylev the Covert (Vampire Assassin)             Turns: 2682, Time: 00:15:44

Health: -9/47      AC:  2    Str: 10    XL:     6   Next: 2%
Magic:  6/6        EV: 13    Int: 14    God:
Gold:   148        SH:  0    Dex: 17    Spells: 0 memorised, 5 levels left

rFire  . . .     SeeInvis +     m - +1 dagger (freeze)
rCold  + . .     Clarity  .     c - +0 robe
rNeg   . . .     SustAt   .     (no shield)
rPois  +         Gourm    .     n - +0 helmet
rElec  .         Spirit   .     r - +1 cloak
rCorr  .         Warding  .     o - +0 pair of gloves
rMut   .         Stasis   .     (no boots)
MR     .....                    (no amulet)
Stlth  +++++.....               q - ring of poison resistance
                                C - ring of protection from cold

@: corroded equipment, regenerating quickly, not resistant to hostile
enchantments, quite stealthy
A: fangs 3, see invisible, unbreathing
a: no special abilities


You were on level 4 of the Dungeon.
You were full.

You visited 1 branch of the dungeon, and saw 4 of its levels.

You collected 148 gold pieces.

Inventory:

Hand Weapons
 a - a +2 dagger
 b - a +0 blowgun
 m - a +1 dagger of freezing (weapon)
Missiles
 e - 17 poisoned needles
 f - 2 curare-tipped needles
Armour
 c - a +0 robe (worn)
 d - a +0 cloak
 n - a +0 helmet (worn)
 o - a +0 pair of gloves (worn)
 r - a +1 cloak (worn)
Jewellery
 q - a ring of poison resistance (right hand)
 C - a ring of protection from cold (left hand)
Wands
 t - a wand of confusion (12)
Scrolls
 i - a scroll of fog
 k - a scroll of noise
 l - a scroll of teleportation
 u - a scroll of immolation {unknown}
 v - a scroll of recharging {unknown}
 w - a scroll of magic mapping {unknown}
 x - a scroll of fear {unknown}
 y - a scroll of remove curse
 D - a scroll of enchant armour {unknown}
Potions
 g - 13 potions of blood
 h - a potion of heal wounds {unknown}
 j - a potion of ambrosia {unknown}
 p - a potion of magic {unknown}
 s - a potion of agility {unknown}
 z - 2 potions of haste {unknown}
 A - a potion of mutation {unknown}
 B - a potion of cure mutation {unknown}
 E - a potion of cancellation {unknown}
 G - a potion of lignification {unknown}
 H - a potion of flight {unknown}
 I - a potion of beneficial mutation {unknown}


   Skills:
 * Level 3.0 Fighting
 + Level 2.3 Short Blades
 * Level 1.9 Throwing
 * Level 2.9 Dodging
 + Level 9.1 Stealth


You had 5 spell levels left.
You didn't know any spells.

Dungeon Overview and Level Annotations

Branches:
Dungeon (4/15)             Temple (0/1) D:4

Altars:
Kikubaaqudgha

Annotations:
D:4 exclusion: oklob sapling, HolyRage's ghost, amateur HEFE


Innate Abilities, Weirdness & Mutations

Your natural rate of healing is unusually fast.
You have razor-sharp teeth.
You have supernaturally acute eyesight.
You can survive without breathing.


Message History

The oklob sapling is lightly damaged.
You hit the oklob sapling. You freeze the oklob sapling.
The oklob sapling is moderately damaged.
You completely miss the oklob sapling.
The oklob sapling is moderately damaged.
You completely miss the oklob sapling.
You bite the oklob sapling, but do no damage.
The oklob sapling is moderately damaged.
You hit the oklob sapling. You freeze the oklob sapling.
The oklob sapling is heavily damaged.
The oklob sapling spits acid at you. The splash of acid hits you!
The acid burns!
* * * LOW HITPOINT WARNING * * *
You hit the oklob sapling but do no damage.
The oklob sapling is heavily damaged.
The oklob sapling spits acid at you. The splash of acid hits you!
* * * LOW HITPOINT WARNING * * *
The acid corrodes you!
The acid burns!
You die...

#.....### .#
#.......## ..
##........# .#
#.........# ##.#
#........## #..###
#........####.#..##
#........##..PP.P.#
##..........PPPP..#
#.........P.@PPPP#
#......#..PPP>.P.#
##.....##...P..PP.#
#..###......PPPP..#
##.......##P.P..P.#
##...#########...#
#..#### #?..!
#.....# ....
#.....#


You could see an oklob sapling.

Vanquished Creatures
  A vampire bat (D:3)
  A worker ant (D:4)
  7 gnolls (D:2)
  4 adders
  2 oozes
  2 worms (D:2)
  2 giant geckos (D:2)
  9 orcs (D:3)
  A ball python (D:3)
  3 bats
  2 bat skeletons (D:3)
  3 bat zombies (D:3)
  7 hobgoblins
  A quokka (D:4)
  5 giant cockroaches
  6 giant newts
  5 goblins
  6 jackals (D:3)
  8 kobolds
  9 rats
  A plant (D:4)
85 creatures vanquished.

Notes
Turn   | Place    | Note
--------------------------------------------------------------
     0 | D:1      | dohliylev the Vampire Assassin began the quest for the Orb.
     0 | D:1      | Reached XP level 1. HP: 16/16 MP: 1/1
   182 | D:1      | Reached skill level 6 in Stealth
   203 | D:1      | Reached XP level 2. HP: 13/22 MP: 2/2
   862 | D:2      | Reached XP level 3. HP: 27/27 MP: 3/3
   879 | D:2      | Reached skill level 7 in Stealth
   924 | D:2      | Reached XP level 4. HP: 24/34 MP: 4/4
  1136 | D:2      | Reached skill level 8 in Stealth
  1482 | D:2      | Reached XP level 5. HP: 39/39 MP: 5/5
  1671 | D:3      | Found an ancient bone altar of Kikubaaqudgha.
  2405 | D:4      | Reached skill level 9 in Stealth
  2405 | D:4      | Reached XP level 6. HP: 47/47 MP: 6/6
  2551 | D:4      | Noticed HolyRage's ghost (amateur HEFE)
  2622 | D:4      | Found a staircase to the Ecumenical Temple.
  2682 | D:4      | Splashed by an oklob sapling's acid

Action                   |  1- 3 |  4- 6 || total
-------------------------+-------+-------++-------
Melee: Dagger            |    55 |   191 ||   246
 Fire: Blowgun           |     5 |    18 ||    23
  Use: Scroll            |       |     5 ||     5
 Stab: Sleeping          |     8 |    23 ||    31
       Distracted        |       |     1 ||     1
  Eat: Corpse            |     6 |    12 ||    18
